Map: Ruines de Seras

Players

zidar

  • Race: Zerg Zerg
  • League: Silver
  • Spawn Location: 3:00

SLDragon - Winner!

  • Race: Terran Terran
  • League: Silver
  • Spawn Location: 7:00

VOD

Have the link to the VOD?

Description

Time

  • Played on: Nov. 25, 2015, 3:06 p.m.
  • Length: 9:22
Show
View Real Time Build Order
Export as new Build Order

zidar Zerg 

Build Orders: Hatch First 

Get SALT Encoding   

  12  0:02  Drone  
  13  0:12  Overlord  
  13  0:17  Drone  
  14  0:37  Drone x3  
  17  0:58  Hatchery  
  17  0:59  Drone  
  17  1:16  Spawning Pool  
  17  1:18  Drone  
  17  1:22  Extractor  
  17  1:23  Drone  
  17  1:26  Drone  
  18  1:35  Overlord  
  18  1:46  Drone  
  19  1:52  Drone  
  20  2:04  Queen  
  21  2:12  Zergling x2  
  21  2:15  Zergling x2  
  23  2:20  Queen  
  25  2:23  Metabolic Boost  
  25  2:28  Zergling x2  
  26  2:42  Baneling Nest  
  26  2:44  Drone  
  26  3:12  Drone x6  
  32  3:16  Extractor  
  31  3:22  Lair  
  31  3:50  Drone x4  
  31  3:52  Baneling  
  35  4:00  Extractor  
  35  4:02  Extractor  
  33  4:07  Drone  
  33  4:08  Drone x2  
  33  4:09  Overlord x2  
  36  4:10  Overlord  
  36  4:27  Queen  
  37  4:49  Zergling x20  
  45  5:29  Centrifical Hooks  
  41  5:50  Hatchery  
  33  5:59  Zergling x16  
  33  6:00  Zergling x12  
  47  6:18  Baneling  
  47  6:19  Baneling x6  
  47  6:20  Baneling  
  37  7:20  Spire  
  37  7:21  Zergling x2  
  37  7:22  Zergling x22  
  43  7:46  Baneling x12  
  43  7:47  Baneling  
  43  7:56  Drone x4  
  47  7:59  Overseer  
  47  8:01  Drone  
  47  8:02  Drone x3  
  51  8:23  Hatchery  
  50  8:34  Overlord x3  
  48  8:43  Overseer  
Show
View Real Time Build Order
Export as new Build Order

SLDragon Terran - Winner!

Build Orders:  

Get SALT Encoding   

  12  0:00  SCV  
  13  0:12  SCV  
  14  0:18  Supply Depot  
  14  0:25  SCV  
  15  0:39  SCV  
  15  0:41  Barracks  
  16  0:46  Refinery  
  16  0:51  SCV  
  17  0:59  Refinery  
  17  1:03  SCV  
  18  1:16  SCV  
  19  1:28  SCV  
  19  1:29  Reaper  
  19  1:30  Supply Depot  
  21  1:40  Orbital Command  
  21  2:11  Barracks Reactor  
  21  2:19  Factory, Command Center  
  21  2:25  SCV  
  22  2:38  SCV  
  23  2:48  Reaper x2  
  25  2:54  SCV  
  26  3:13  Starport  
  26  3:19  SCV  
  27  3:29  Hellion x2  
  27  3:30  Barracks Tech Lab  
  31  3:39  SCV  
  32  3:47  Supply Depot  
  32  3:50  Hellion x2  
  32  3:51  Factory  
  32  3:52  SCV  
  37  4:04  SCV, Banshee  
  37  4:06  Cloaking Field  
  41  4:10  Supply Depot  
  41  4:15  Barracks Tech Lab  
  41  4:16  SCV  
  42  4:23  Refinery  
  42  4:28  SCV  
  47  4:39  Widow Mine  
  47  4:40  Widow Mine, SCV  
  48  4:58  SCV  
  49  5:00  Hellion  
  49  5:02  Hellion  
  49  5:06  Supply Depot  
  53  5:10  SCV  
  54  5:16  Banshee  
  54  5:22  SCV  
  54  5:26  Infernal Pre-Igniter  
  54  5:27  Siege Tank  
  58  5:29  Supply Depot  
  58  5:30  Hellion x2  
  58  5:34  SCV  
  63  5:36  Refinery  
  63  5:46  SCV  
  64  5:53  Supply Depot  
  62  5:58  SCV  
  63  6:07  Siege Tank  
  66  6:12  Hellion x2  
  66  6:14  SCV  
  66  6:17  Command Center  
  71  6:26  SCV  
  72  6:38  SCV  
  71  6:59  Engineering Bay  
  71  7:00  SCV  
  72  7:06  Supply Depot  
  72  7:08  Hellion x2  
  76  7:12  SCV  
  75  7:29  Hellion x2  
  77  7:38  Liberator  
  71  7:51  Missile Turret  
  71  7:57  Hellion x2  
  78  8:04  Armory  
  78  8:05  Supply Depot  
  78  8:06  Supply Depot  
  78  8:07  Barracks Tech Lab  
  78  8:08  Starport  
  78  8:12  Siege Tank  
  81  8:20  Liberator  
  81  8:28  Supply Depot  
  81  8:30  Supply Depot  
  84  8:44  Siege Tank  
Tags
 
Add a new tag
Caveats
  • Supply blocks, unpowered buildings, or Contaminate may cause inaccurate times.
  • Supply counts are checked every 10 seconds.